Thunder vs Remparts
Created - March 5, 2021 at 20:29
Goals
|
| Thunder |
0 |
0 |
1 |
1 |
| Remparts |
0 |
1 |
2 |
3 |
|
Shots
|
| Thunder |
7 |
5 |
17 |
29 |
| Remparts |
7 |
11 |
11 |
29 |
|
1st period
No Goal
Penalties :
Ryan Graves (TRO) for Interference (Minor) at 8:51
2nd period
1. Remparts , Kerby Rychel 21 (Aaron Ekblad 43, Jake Virtanen 17) at 5:22 (PP)
Penalties :
Mitchell Heard (Que) for High sticking (Minor) at 1:52, Austin Poganski (TRO) for Hooking (Minor) at 4:54, Gianluca Curcuruto (TRO) for Roughing (Minor) at 12:40, Roberts Lipsbergs (Que) for Slashing (Minor) at 17:15
3rd period
2. Thunder , Mike Hoffman 10 (Brayden Point 28) at 1:59
3. Remparts , Kyle Platzer 6 (John Draeger 11, Michael McCarron 4) at 5:11
4. Remparts , Kerby Rychel 22 (Niklas Hansson 10, Michael Latta 47) at 19:54 (Empty Net)
Penalties :
William Karlsson (TRO) for Hooking (Minor) at 11:44
Goalie Stats
Niklas Treutle (TRO), 26 saves from 28 shots - (0.929), L, 15-22-6, 59:07 minutes
Garret Sparks (Que), 28 saves from 29 shots - (0.966), W, 6-13-1, 60:00 minutes
Players Stats for Thunder
Player Name G A P +/- PIM S H SB GA TA FO MP PP MP PK MP
------------------------------------------------------------------------------------
Angelo Esposito 0 0 0 0 0 1 1 4 1 0 4/5 12:20 0:00 0:00
Artturi Lehkonen 0 0 0 -1 0 2 0 1 0 0 0/0 13:52 0:00 0:00
Artur Gavrus 0 0 0 0 0 0 0 0 0 0 0/0 0:00 0:00 0:00
Austin Poganski 0 0 0 1 2 0 2 1 0 0 0/0 17:32 1:51 0:00
Brayden Point 0 1 1 1 0 3 1 2 0 0 5/12 18:48 1:51 1:05
Colby Cave 0 0 0 0 0 0 0 0 0 0 0/1 0:30 0:00 0:08
Colton Sceviour 0 0 0 -1 0 1 2 0 0 1 1/1 17:36 1:49 0:00
Dany Roussin 0 0 0 -2 0 3 4 0 0 0 1/2 23:28 2:00 3:40
Emil Johansson 0 0 0 0 0 1 1 2 0 0 0/0 24:52 2:14 4:25
Gianluca Curcuruto 0 0 0 0 2 4 0 0 1 3 0/0 25:39 2:14 2:27
Jakob Lilja 0 0 0 0 0 1 2 0 0 0 0/0 4:51 0:07 1:22
Jamie McGinn 0 0 0 0 0 1 0 2 0 1 0/0 12:20 0:00 0:00
Jarrod Maidens 0 0 0 0 0 0 0 0 0 0 0/0 0:00 0:00 0:00
Jesper Pettersson 0 0 0 0 0 1 2 0 1 0 0/0 22:49 1:44 4:29
Mackenze Stewart 0 0 0 -1 0 2 0 1 0 0 0/0 21:07 0:53 0:57
Mike Hoffman 1 0 1 1 0 5 1 1 2 0 0/0 19:06 1:51 1:23
Nikolay Prokhorkin 0 0 0 -1 0 0 0 0 0 1 0/1 5:42 0:18 0:00
Ryan Graves 0 0 0 0 2 0 0 3 0 0 0/0 8:56 0:51 0:28
Vincent Dunn 0 0 0 0 0 0 1 0 0 0 0/0 5:11 0:00 1:37
William Karlsson 0 0 0 -2 2 3 3 5 1 1 11/22 23:22 2:00 2:42
Zach Stepan 0 0 0 0 0 1 2 1 1 0 2/2 15:30 0:07 0:57
Players Stats for Remparts
Player Name G A P +/- PIM S H SB GA TA FO MP PP MP PK MP
------------------------------------------------------------------------------------
Aaron Ekblad 0 1 1 1 0 1 2 3 0 2 0/0 28:01 4:02 2:11
Griffin Reinhart 0 0 0 1 0 2 2 0 0 1 0/0 18:44 2:23 0:00
Jake Virtanen 0 1 1 0 0 0 1 0 1 0 0/0 13:01 3:08 0:00
Jerry D'Amigo 0 0 0 -1 0 0 2 1 0 1 0/0 14:28 0:07 0:53
John Draeger 0 1 1 -1 0 1 3 0 0 0 0/0 13:15 0:00 1:47
Jonathan Huberdeau 0 0 0 0 0 4 2 0 2 0 0/2 19:29 3:12 1:05
Kerby Rychel 2 0 2 0 0 2 1 1 0 0 0/0 17:46 3:08 0:00
Kyle Platzer 1 0 1 1 0 4 1 0 2 0 2/3 10:05 0:05 0:20
Matt Puempel 0 0 0 0 0 0 0 0 0 0 0/0 9:49 0:00 0:00
Michael Latta 0 1 1 1 0 0 3 1 0 0 12/22 21:44 3:11 1:57
Michael McCarron 0 1 1 1 0 3 4 0 0 0 0/0 8:55 0:00 0:00
Michal Jordan 0 0 0 0 0 1 0 0 0 0 0/0 25:09 4:02 0:00
Mitchell Heard 0 0 0 0 2 3 2 0 0 2 1/3 10:51 0:00 0:00
Niklas Hansson 0 1 1 0 0 1 0 1 0 1 0/0 14:21 0:00 2:11
Quinton Howden 0 0 0 -1 0 2 1 0 0 0 5/12 18:22 3:09 1:41
Roberts Lipsbergs 0 0 0 1 2 1 2 0 1 0 1/2 9:44 0:05 0:00
Tobias Rieder 0 0 0 1 0 4 3 0 1 0 1/2 21:46 3:10 2:00
William Colbert 0 0 0 1 0 0 0 2 0 0 0/0 20:30 2:23 1:47
3 Stars
1 - Kerby Rychel (Que)
2 - Garret Sparks (Que)
3 - Kyle Platzer (Que)
Power Play
Thunder - 0 on 2 Attempt(s) - 0.00%
Remparts - 1 on 4 Attempt(s) - 25.00%
Penalty Kill
Thunder - 3 on 4 Attempt(s) - 75.00%
- Score 0 goal in Penalty Kill
Remparts - 2 on 2 Attempt(s) - 100.00%
- Score 0 goal in Penalty Kill
Team Stat
Thunder - Hits : 22 - Faceoff Wins : 24 - Blocked Shots : 23 - Penalty Minutes : 8
Remparts - Hits : 29 - Faceoff Wins : 22 - Blocked Shots : 9 - Penalty Minutes : 4
Official
Referees : Unknown
Linesman : Unknown
Game Notes
Ryan Graves is injured at 5:39 of 2nd period (Sprained Left Finger)
Kerby Rychel has scored in a empty net!
Finance
Level 1 -- Attendance: 1937 (96.85%) -- Ticket Income $58,110
Level 2 -- Attendance: 670 (67.00%) -- Ticket Income $13,400
Total Attendance: 2607 (86.90%)
Total Ticket Income: $71,510
Other Income: $3,576
Total Income: $75,086
Thunder
5 vs 5 Forward
Center Left Wing Right Wing Time % Phy DF OF
1 William Karlsson Dany Roussin Colton Sceviour 40 1 2 2
2 Brayden Point Mike Hoffman Austin Poganski 30 1 2 2
3 Angelo Esposito Jamie McGinn Zach Stepan 20 1 2 2
4 Zach Stepan Artturi Lehkonen William Karlsson 10 1 2 2
5 vs 5 Defense
Defense Defense Time % Phy DF OF
1 Gianluca Curcuruto Emil Johansson 40 1 2 2
2 Jesper Pettersson Ryan Graves 30 1 2 2
3 Mackenze Stewart Artturi Lehkonen 20 1 2 2
4 Gianluca Curcuruto Emil Johansson 10 1 2 2
PowerPlay Forward
Center Left Wing Right Wing Time % Phy DF OF
1 William Karlsson Dany Roussin Colton Sceviour 60 1 2 2
2 Brayden Point Mike Hoffman Austin Poganski 40 1 2 2
PowerPlay Defense
Defense Defense Time % Phy DF OF
1 Gianluca Curcuruto Emil Johansson 60 1 2 2
2 Jesper Pettersson Ryan Graves 40 1 2 2
Penalty Kill 4 Players Forward
Center Wing Time % Phy DF OF
1 William Karlsson Dany Roussin 60 1 2 2
2 Brayden Point Mike Hoffman 40 1 2 2
Penalty Kill 4 Players Defense
Defense Defense Time % Phy DF OF
1 Gianluca Curcuruto Emil Johansson 60 1 2 2
2 Jesper Pettersson Ryan Graves 40 1 2 2
Penalty Kill - 3 Players Forward
Forward Time % Phy DF OF
1 William Karlsson 60 1 2 2
2 Dany Roussin 40 1 2 2
Penalty Kill - 3 Players Defense
Defense Defense Time % Phy DF OF
1 Gianluca Curcuruto Emil Johansson 60 1 2 2
2 Jesper Pettersson Ryan Graves 40 1 2 2
4 vs 4 Forward
Center Wing Time % Phy DF OF
1 William Karlsson Dany Roussin 60 1 2 2
2 Brayden Point Mike Hoffman 40 1 2 2
4 vs 4 Defense
Defense Defense Time % Phy DF OF
1 Gianluca Curcuruto Emil Johansson 60 1 2 2
2 Jesper Pettersson Ryan Graves 40 1 2 2
Last Minutes Offensive
Center Left Wing Right Wing Defense Defense
William Karlsson Dany Roussin Colton Sceviour Gianluca Curcuruto Emil Johansson
Last Minutes Defensive
Center Left Wing Right Wing Defense Defense
William Karlsson Dany Roussin Colton Sceviour Gianluca Curcuruto Emil Johansson
Goaltenders
Starting : Niklas Treutle
Backup : Hugo Fagerblom
Extra Forwards
Normal : Nikolay Prokhorkin, Jakob Lilja, Vincent Dunn - PP : Nikolay Prokhorkin, Jakob Lilja - PK : Vincent Dunn
Extra Defensemen
Normal : Mackenze Stewart, Jesper Pettersson, Ryan Graves - PP : Mackenze Stewart - PK : Jesper Pettersson, Ryan Graves
Penalty Shots
William Karlsson, Dany Roussin, Brayden Point, Mike Hoffman, Jamie McGinn
Scratches
Trevor Lewis (Bruised Left Arm Injury), Mikko Vainonen (Right Hip Injury), Sergei Kostenko (Healthy)
Remparts
5 vs 5 Forward
Center Left Wing Right Wing Time % Phy DF OF
1 Michael Latta Jonathan Huberdeau Tobias Rieder 40 0 2 3
2 Quinton Howden Kerby Rychel Jerry D'Amigo 30 0 2 3
3 Mitchell Heard Matt Puempel Jake Virtanen 20 0 3 2
4 Kyle Platzer Roberts Lipsbergs Michael McCarron 10 1 2 2
5 vs 5 Defense
Defense Defense Time % Phy DF OF
1 Aaron Ekblad Michal Jordan 40 0 2 3
2 Griffin Reinhart William Colbert 30 0 2 3
3 Niklas Hansson John Draeger 20 1 2 2
4 Aaron Ekblad Michal Jordan 10 0 2 3
PowerPlay Forward
Center Left Wing Right Wing Time % Phy DF OF
1 Michael Latta Jonathan Huberdeau Tobias Rieder 60 0 1 4
2 Quinton Howden Kerby Rychel Jake Virtanen 40 0 1 4
PowerPlay Defense
Defense Defense Time % Phy DF OF
1 Aaron Ekblad Michal Jordan 60 0 2 3
2 Griffin Reinhart William Colbert 40 0 2 3
Penalty Kill 4 Players Forward
Center Wing Time % Phy DF OF
1 Michael Latta Tobias Rieder 60 1 3 1
2 Quinton Howden Jerry D'Amigo 40 1 3 1
Penalty Kill 4 Players Defense
Defense Defense Time % Phy DF OF
1 Aaron Ekblad Niklas Hansson 60 1 4 0
2 William Colbert John Draeger 40 1 4 0
Penalty Kill - 3 Players Forward
Forward Time % Phy DF OF
1 Michael Latta 60 1 3 1
2 Tobias Rieder 40 1 3 1
Penalty Kill - 3 Players Defense
Defense Defense Time % Phy DF OF
1 Aaron Ekblad Niklas Hansson 60 1 4 0
2 John Draeger William Colbert 40 1 4 0
4 vs 4 Forward
Center Wing Time % Phy DF OF
1 Michael Latta Jonathan Huberdeau 60 0 2 3
2 Quinton Howden Tobias Rieder 40 0 2 3
4 vs 4 Defense
Defense Defense Time % Phy DF OF
1 Aaron Ekblad Michal Jordan 60 0 2 3
2 Griffin Reinhart William Colbert 40 0 2 3
Last Minutes Offensive
Center Left Wing Right Wing Defense Defense
Michael Latta Jonathan Huberdeau Tobias Rieder Aaron Ekblad Michal Jordan
Last Minutes Defensive
Center Left Wing Right Wing Defense Defense
Michael Latta Kerby Rychel Tobias Rieder Aaron Ekblad Niklas Hansson
Goaltenders
Starting : Garret Sparks
Backup : Igor Bobkov
Extra Forwards
Normal : Jake Virtanen, Jonathan Huberdeau, Tobias Rieder - PP : Jake Virtanen, Jonathan Huberdeau - PK : Michael Latta
Extra Defensemen
Normal : Griffin Reinhart, Aaron Ekblad, Michal Jordan - PP : Aaron Ekblad - PK : John Draeger, Aaron Ekblad
Penalty Shots
Jerry D'Amigo, Jake Virtanen, Jonathan Huberdeau, Quinton Howden, Tobias Rieder
Scratches
Viktor Baldayev (Healthy), Juuso Ikonen (Healthy), Keaton Thompson (Healthy), Connor Honey (Healthy), Lukas Vejdemo (Healthy)
Dmytro Timashov (Healthy), Anton Zlobin (Healthy), Aleksander Barkov (Strained Right Elbow Injury), Nelson Nogier (Healthy), Jake Walman (Healthy)
Marek Langhamer (Healthy)
% Time on Ice - Thunder
Lines # - Real PCT - Wanted PCT - Time Play
Normal Forward
1 - 34% - 40% - 16:32
2 - 34% - 30% - 16:41
3 - 26% - 20% - 12:32
4 - 6% - 10% - 2:47
Normal Defense
1 - 34% - 40% - 16:36
2 - 38% - 30% - 18:22
3 - 25% - 20% - 12:19
4 - 3% - 10% - 1:15
PP Forward
1 - 53% - 60% - 2:07
2 - 47% - 40% - 1:51
PP Defense
1 - 56% - 60% - 2:14
2 - 44% - 40% - 1:44
PK Forward
1 - 83% - 60% - 5:20
2 - 17% - 40% - 1:05
PK Defense
1 - 62% - 60% - 3:57
2 - 38% - 40% - 2:28
PK3 Forward
1 - 0% - 60%
2 - 0% - 40%
PK3 Defense
1 - 0% - 60%
2 - 0% - 40%
44 Forward
1 - 0% - 60%
2 - 0% - 40%
44 Defense
1 - 0% - 60%
2 - 0% - 40%
Last Minute Offensive - 1:05
Last Minute Defensive - 0:00
Total
Forward - 60:00
Defense - 60:00
|
% Time on Ice - Remparts
Lines # - Real PCT - Wanted PCT - Time Play
Normal Forward
1 - 33% - 40% - 16:15
2 - 28% - 30% - 13:32
3 - 20% - 20% - 9:49
4 - 18% - 10% - 8:55
Normal Defense
1 - 40% - 40% - 19:29
2 - 34% - 30% - 16:20
3 - 23% - 20% - 11:04
4 - 3% - 10% - 1:38
PP Forward
1 - 51% - 60% - 3:17
2 - 49% - 40% - 3:08
PP Defense
1 - 63% - 60% - 4:02
2 - 37% - 40% - 2:23
PK Forward
1 - 78% - 60% - 3:05
2 - 22% - 40% - 0:53
PK Defense
1 - 55% - 60% - 2:11
2 - 45% - 40% - 1:47
PK3 Forward
1 - 0% - 60%
2 - 0% - 40%
PK3 Defense
1 - 0% - 60%
2 - 0% - 40%
44 Forward
1 - 0% - 60%
2 - 0% - 40%
44 Defense
1 - 0% - 60%
2 - 0% - 40%
Last Minute Offensive - 0:00
Last Minute Defensive - 1:06
Total
Forward - 60:00
Defense - 60:00
|
Play-by-Play
1st period
0:01 of 1st period - Colton Sceviour wins face-off versus Tobias Rieder in neutral zone.
0:51 of 1st period - Mitchell Heard is hit by Zach Stepan and loses puck.
1:04 of 1st period - Slapshot by Aaron Ekblad.
1:04 of 1st period - Shot Blocked by Artturi Lehkonen.
1:18 of 1st period - Wrist shot by Michal Jordan.
1:18 of 1st period - Shot Misses the Net.
2:13 of 1st period - Wrist shot by Michael Latta.
2:13 of 1st period - Shot Blocked by Mike Hoffman.
2:15 of 1st period - Wrist shot by Tobias Rieder.
2:15 of 1st period - Stopped by Niklas Treutle without a rebound.
2:16 of 1st period - Zach Stepan wins face-off versus Mitchell Heard in Thunder zone.
2:38 of 1st period - Off-side.
2:39 of 1st period - Angelo Esposito wins face-off versus Jonathan Huberdeau in neutral zone.
3:48 of 1st period - Dany Roussin is hit by Michael Latta and loses puck.
4:21 of 1st period - Mike Hoffman is hit by John Draeger and loses puck.
5:11 of 1st period - Off-side.
5:12 of 1st period - Michael Latta wins face-off versus Angelo Esposito in neutral zone.
5:39 of 1st period - Quinton Howden is hit by Colton Sceviour.
5:45 of 1st period - Wrist shot by Quinton Howden.
5:45 of 1st period - Stopped by Niklas Treutle with a rebound.
5:47 of 1st period - Slapshot by Michal Jordan.
5:47 of 1st period - Deflect By Dany Roussin.
5:47 of 1st period - Stopped by Niklas Treutle with a rebound.
6:03 of 1st period - Snap shot by Brayden Point.
6:03 of 1st period - Deflect By Mike Hoffman.
6:03 of 1st period - Stopped by Garret Sparks without a rebound.
6:04 of 1st period - Brayden Point wins face-off versus Michael Latta in Remparts zone.
6:28 of 1st period - Artturi Lehkonen is hit by Jerry D'Amigo and loses puck.
7:17 of 1st period - Backhand shot by Jamie McGinn.
7:17 of 1st period - Shot Misses the Net.
7:19 of 1st period - Wrist shot by Angelo Esposito.
7:19 of 1st period - Shot Misses the Net.
7:21 of 1st period - Snap shot by Zach Stepan.
7:21 of 1st period - Stopped by Garret Sparks with a rebound.
7:23 of 1st period - Slapshot by Jamie McGinn.
7:23 of 1st period - Stopped by Garret Sparks with a rebound.
7:25 of 1st period - Slapshot by Artturi Lehkonen.
7:25 of 1st period - Stopped by Garret Sparks without a rebound.
7:26 of 1st period - William Karlsson wins face-off versus Quinton Howden in Remparts zone.
7:39 of 1st period - Slapshot by Dany Roussin.
7:39 of 1st period - Deflect By William Karlsson.
7:39 of 1st period - Stopped by Garret Sparks with a rebound.
7:53 of 1st period - Michael Latta is hit by Emil Johansson and loses puck.
8:51 of 1st period - Minor Penalty to Ryan Graves for Interference.
8:52 of 1st period - William Karlsson wins face-off versus Michael Latta in Thunder zone.
9:03 of 1st period - Snap shot by William Karlsson.
9:03 of 1st period - Shot Misses the Net.
10:37 of 1st period - Gianluca Curcuruto is hit by Tobias Rieder and loses puck.
10:51 of 1st period - Penalty to Ryan Graves is over, Ryan Graves is back on ice.
10:59 of 1st period - Wrist shot by Dany Roussin.
10:59 of 1st period - Stopped by Garret Sparks with a rebound.
11:01 of 1st period - Slapshot by Gianluca Curcuruto.
11:01 of 1st period - Stopped by Garret Sparks without a rebound.
11:02 of 1st period - Roberts Lipsbergs wins face-off versus Brayden Point in Remparts zone.
11:15 of 1st period - Wrist shot by Kyle Platzer.
11:15 of 1st period - Shot Misses the Net.
11:17 of 1st period - Wrist shot by Niklas Hansson.
11:17 of 1st period - Stopped by Niklas Treutle with a rebound.
12:24 of 1st period - Wrist shot by Michael Latta.
12:24 of 1st period - Shot Blocked by Austin Poganski.
12:26 of 1st period - Snap shot by Michael Latta.
12:26 of 1st period - Deflect By Tobias Rieder.
12:26 of 1st period - Stopped by Niklas Treutle with a rebound.
12:40 of 1st period - Wrist shot by Quinton Howden.
12:40 of 1st period - Stopped by Niklas Treutle with a rebound.
12:42 of 1st period - Wrist shot by Griffin Reinhart.
12:42 of 1st period - Stopped by Niklas Treutle with a rebound.
12:59 of 1st period - Slapshot by Dany Roussin.
12:59 of 1st period - Shot Blocked by William Colbert.
13:27 of 1st period - Gianluca Curcuruto is hit by Michael McCarron and loses puck.
14:46 of 1st period - Jamie McGinn is hit by Michael McCarron and loses puck.
15:03 of 1st period - William Karlsson is hit by Mitchell Heard and loses puck.
15:10 of 1st period - Wrist shot by Mitchell Heard.
15:10 of 1st period - Shot Blocked by William Karlsson.
15:26 of 1st period - Jonathan Huberdeau is hit by Zach Stepan and loses puck.
17:42 of 1st period - Jakob Lilja is hit by Jonathan Huberdeau and loses puck.
18:16 of 1st period - Mike Hoffman is hit by Mitchell Heard and loses puck.
18:37 of 1st period - Dany Roussin is hit by Griffin Reinhart.
19:03 of 1st period - Emil Johansson is hit by Michael McCarron and loses puck.
19:14 of 1st period - Slapshot by Griffin Reinhart.
19:14 of 1st period - Shot Misses the Net.
19:41 of 1st period - Mitchell Heard is hit by Jakob Lilja and loses puck.
Goals for this period are 0 for Thunder vs 0 for Remparts.
Shots for this period are 7 for Thunder vs 7 for Remparts.
2nd period
0:01 of 2nd period - Michael Latta wins face-off versus William Karlsson in neutral zone.
0:14 of 2nd period - Snap shot by William Karlsson.
0:14 of 2nd period - Stopped by Garret Sparks without a rebound.
0:15 of 2nd period - Michael Latta wins face-off versus Brayden Point in Remparts zone.
0:22 of 2nd period - Snap shot by Mike Hoffman.
0:22 of 2nd period - Shot Blocked by Michael Latta.
0:42 of 2nd period - Michal Jordan is hit by Dany Roussin and loses puck.
1:01 of 2nd period - Snap shot by Kyle Platzer.
1:01 of 2nd period - Shot Misses the Net.
1:13 of 2nd period - Slapshot by Griffin Reinhart.
1:13 of 2nd period - Shot Misses the Net.
1:45 of 2nd period - Matt Puempel is hit by William Karlsson and loses puck.
1:52 of 2nd period - Minor Penalty to Mitchell Heard for High sticking.
1:53 of 2nd period - William Karlsson wins face-off versus Michael Latta in Remparts zone.
3:47 of 2nd period - Icing by Brayden Point.
3:48 of 2nd period - Quinton Howden wins face-off versus Nikolay Prokhorkin in Thunder zone.
3:52 of 2nd period - Penalty to Mitchell Heard is over, Mitchell Heard is back on ice.
4:04 of 2nd period - Emil Johansson is hit by Michael Latta and loses puck.
4:27 of 2nd period - Austin Poganski is hit by Tobias Rieder and loses puck.
4:42 of 2nd period - Wrist shot by Tobias Rieder.
4:42 of 2nd period - Stopped by Niklas Treutle with a rebound.
4:52 of 2nd period - Snap shot by Michael Latta.
4:52 of 2nd period - Shot Blocked by Brayden Point.
4:54 of 2nd period - Minor Penalty to Austin Poganski for Hooking.
4:55 of 2nd period - Quinton Howden wins face-off versus William Karlsson in Thunder zone.
5:06 of 2nd period - Slapshot by Aaron Ekblad.
5:06 of 2nd period - Shot Blocked by Ryan Graves.
5:08 of 2nd period - Slapshot by Aaron Ekblad.
5:08 of 2nd period - Deflect By Quinton Howden.
5:08 of 2nd period - Shot Blocked by Ryan Graves.
5:08 of 2nd period - Puck is out of play.
5:09 of 2nd period - William Karlsson wins face-off versus Quinton Howden in Thunder zone.
5:20 of 2nd period - Snap shot by Jake Virtanen.
5:20 of 2nd period - Shot Blocked by William Karlsson.
5:22 of 2nd period - Slapshot by Aaron Ekblad.
5:22 of 2nd period - Deflect By Kerby Rychel.
5:22 of 2nd period - Goal by Kerby Rychel - Thunder : 0 - Remparts : 1.
5:23 of 2nd period - Quinton Howden wins face-off versus Dany Roussin in neutral zone.
5:35 of 2nd period - Off-side.
5:36 of 2nd period - Michael Latta wins face-off versus William Karlsson in neutral zone.
5:39 of 2nd period - Backhand shot by Jonathan Huberdeau.
5:39 of 2nd period - Shot Blocked by Ryan Graves.
5:39 of 2nd period - Ryan Graves from Thunder is injured at 5:39 of 2nd period (Sprained Left Finger).
5:40 of 2nd period - Michael Latta wins face-off versus William Karlsson in Thunder zone.
5:59 of 2nd period - Emil Johansson is hit by Jonathan Huberdeau and loses puck.
6:14 of 2nd period - Slapshot by Mike Hoffman.
6:14 of 2nd period - Stopped by Garret Sparks without a rebound.
6:15 of 2nd period - Brayden Point wins face-off versus Quinton Howden in Remparts zone.
6:24 of 2nd period - Snap shot by Mike Hoffman.
6:24 of 2nd period - Deflect By Brayden Point.
6:24 of 2nd period - Stopped by Garret Sparks with a rebound.
6:26 of 2nd period - Slapshot by Jesper Pettersson.
6:26 of 2nd period - Deflect By Mike Hoffman.
6:26 of 2nd period - Stopped by Garret Sparks with a rebound.
6:28 of 2nd period - Snap shot by Brayden Point.
6:28 of 2nd period - Shot Misses the Net.
6:30 of 2nd period - Snap shot by Austin Poganski.
6:30 of 2nd period - Shot Blocked by William Colbert.
6:44 of 2nd period - Wrist shot by Jonathan Huberdeau.
6:44 of 2nd period - Stopped by Niklas Treutle with a rebound.
6:46 of 2nd period - Snap shot by Michael Latta.
6:46 of 2nd period - Shot Blocked by Angelo Esposito.
6:48 of 2nd period - Wrist shot by Michael Latta.
6:48 of 2nd period - Deflect By Tobias Rieder.
6:48 of 2nd period - Shot Misses the Net.
6:48 of 2nd period - Puck is out of play.
6:49 of 2nd period - Michael Latta wins face-off versus William Karlsson in Thunder zone.
6:50 of 2nd period - Snap shot by Jonathan Huberdeau.
6:50 of 2nd period - Stopped by Niklas Treutle with a rebound.
7:14 of 2nd period - Gianluca Curcuruto is hit by Kerby Rychel and loses puck.
8:01 of 2nd period - Snap shot by Kyle Platzer.
8:01 of 2nd period - Stopped by Niklas Treutle with a rebound.
8:03 of 2nd period - Snap shot by Kyle Platzer.
8:03 of 2nd period - Shot Misses the Net.
8:38 of 2nd period - Quinton Howden is hit by Angelo Esposito and loses puck.
8:51 of 2nd period - Snap shot by Matt Puempel.
8:51 of 2nd period - Shot Misses the Net.
8:53 of 2nd period - Slapshot by Griffin Reinhart.
8:53 of 2nd period - Shot Blocked by William Karlsson.
8:55 of 2nd period - Slapshot by Griffin Reinhart.
8:55 of 2nd period - Stopped by Niklas Treutle with a rebound.
8:59 of 2nd period - Slapshot by Griffin Reinhart.
8:59 of 2nd period - Shot Blocked by William Karlsson.
9:01 of 2nd period - Wrist shot by Griffin Reinhart.
9:01 of 2nd period - Shot Blocked by Zach Stepan.
9:17 of 2nd period - Snap shot by Mike Hoffman.
9:17 of 2nd period - Stopped by Garret Sparks with a rebound.
10:01 of 2nd period - Mike Hoffman is hit by Jake Virtanen.
10:05 of 2nd period - Michal Jordan is hit by Dany Roussin and loses puck.
10:46 of 2nd period - Slapshot by Jonathan Huberdeau.
10:46 of 2nd period - Shot Blocked by Jamie McGinn.
10:48 of 2nd period - Slapshot by Jonathan Huberdeau.
10:48 of 2nd period - Shot Blocked by Jamie McGinn.
10:50 of 2nd period - Wrist shot by Tobias Rieder.
10:50 of 2nd period - Shot Blocked by Angelo Esposito.
11:11 of 2nd period - Wrist shot by Michael McCarron.
11:11 of 2nd period - Stopped by Niklas Treutle with a rebound.
11:13 of 2nd period - Snap shot by Kyle Platzer.
11:13 of 2nd period - Shot Misses the Net.
11:15 of 2nd period - Slapshot by John Draeger.
11:15 of 2nd period - Deflect By William Karlsson.
11:15 of 2nd period - Stopped by Niklas Treutle without a rebound.
11:16 of 2nd period - Michael Latta wins face-off versus Brayden Point in Thunder zone.
11:17 of 2nd period - Slapshot by Jonathan Huberdeau.
11:17 of 2nd period - Shot Misses the Net.
11:34 of 2nd period - Icing by Zach Stepan.
11:35 of 2nd period - Angelo Esposito wins face-off versus Quinton Howden in Thunder zone.
11:35 of 2nd period - Angelo Esposito is hit by Quinton Howden.
12:01 of 2nd period - Emil Johansson is hit by Griffin Reinhart and loses puck.
12:10 of 2nd period - Snap shot by Tobias Rieder.
12:10 of 2nd period - Shot Blocked by Brayden Point.
12:12 of 2nd period - Slapshot by Jonathan Huberdeau.
12:12 of 2nd period - Deflect By Mike Hoffman.
12:12 of 2nd period - Stopped by Niklas Treutle with a rebound.
12:14 of 2nd period - Slapshot by Aaron Ekblad.
12:14 of 2nd period - Stopped by Niklas Treutle with a rebound.
12:40 of 2nd period - Minor Penalty to Gianluca Curcuruto for Roughing.
12:41 of 2nd period - William Karlsson wins face-off versus Jonathan Huberdeau in Thunder zone.
12:54 of 2nd period - Wrist shot by Tobias Rieder.
12:54 of 2nd period - Shot Misses the Net.
13:11 of 2nd period - Off-side.
13:12 of 2nd period - Quinton Howden wins face-off versus Brayden Point in neutral zone.
13:21 of 2nd period - Snap shot by Quinton Howden.
13:21 of 2nd period - Deflect By Kerby Rychel.
13:21 of 2nd period - Shot Misses the Net.
13:21 of 2nd period - Puck is out of play.
13:22 of 2nd period - Michael Latta wins face-off versus William Karlsson in Thunder zone.
13:47 of 2nd period - William Karlsson is hit by Aaron Ekblad and loses puck.
14:26 of 2nd period - Aaron Ekblad is hit by Vincent Dunn and loses puck.
14:40 of 2nd period - Penalty to Gianluca Curcuruto is over, Gianluca Curcuruto is back on ice.
15:40 of 2nd period - Kerby Rychel is hit by Dany Roussin and loses puck.
16:36 of 2nd period - Michael Latta is hit by Jesper Pettersson and loses puck.
16:51 of 2nd period - Jesper Pettersson is hit by John Draeger and loses puck.
17:15 of 2nd period - Minor Penalty to Roberts Lipsbergs for Slashing.
17:16 of 2nd period - Brayden Point wins face-off versus Michael Latta in Remparts zone.
17:56 of 2nd period - Wrist shot by William Karlsson.
17:56 of 2nd period - Shot Misses the Net.
18:20 of 2nd period - Snap shot by Quinton Howden.
18:20 of 2nd period - Shot Blocked by Mackenze Stewart.
18:50 of 2nd period - Mike Hoffman is hit by John Draeger and loses puck.
19:15 of 2nd period - Penalty to Roberts Lipsbergs is over, Roberts Lipsbergs is back on ice.
19:26 of 2nd period - Angelo Esposito is hit by Kyle Platzer and loses puck.
19:35 of 2nd period - Zach Stepan is hit by Roberts Lipsbergs and loses puck.
19:42 of 2nd period - Slapshot by Jonathan Huberdeau.
19:42 of 2nd period - Shot Misses the Net.
19:44 of 2nd period - Slapshot by Griffin Reinhart.
19:44 of 2nd period - Shot Misses the Net.
19:46 of 2nd period - Wrist shot by Jonathan Huberdeau.
19:46 of 2nd period - Shot Misses the Net.
19:48 of 2nd period - Snap shot by William Colbert.
19:48 of 2nd period - Shot Blocked by Angelo Esposito.
19:50 of 2nd period - Snap shot by Jonathan Huberdeau.
19:50 of 2nd period - Stopped by Niklas Treutle with a rebound.
19:52 of 2nd period - Snap shot by Kyle Platzer.
19:52 of 2nd period - Shot Misses the Net.
19:54 of 2nd period - Slapshot by Kyle Platzer.
19:54 of 2nd period - Shot Blocked by Angelo Esposito.
19:56 of 2nd period - Wrist shot by Jonathan Huberdeau.
19:56 of 2nd period - Shot Misses the Net.
Goals for this period are 0 for Thunder vs 1 for Remparts.
Shots for this period are 5 for Thunder vs 11 for Remparts.
3rd period
0:01 of 3rd period - William Karlsson wins face-off versus Michael Latta in neutral zone.
0:04 of 3rd period - Slapshot by Emil Johansson.
0:04 of 3rd period - Stopped by Garret Sparks with a rebound.
0:39 of 3rd period - Jake Virtanen is hit by Dany Roussin.
1:57 of 3rd period - Snap shot by Brayden Point.
1:57 of 3rd period - Shot Blocked by Niklas Hansson.
1:59 of 3rd period - Wrist shot by Mike Hoffman.
1:59 of 3rd period - Goal by Mike Hoffman - Thunder : 1 - Remparts : 1.
2:00 of 3rd period - William Karlsson wins face-off versus Michael Latta in neutral zone.
2:05 of 3rd period - Snap shot by Dany Roussin.
2:05 of 3rd period - Shot Misses the Net.
2:07 of 3rd period - Snap shot by Colton Sceviour.
2:07 of 3rd period - Stopped by Garret Sparks with a rebound.
2:09 of 3rd period - Snap shot by Gianluca Curcuruto.
2:09 of 3rd period - Deflect By Aaron Ekblad.
2:09 of 3rd period - Stopped by Garret Sparks with a rebound.
2:11 of 3rd period - Snap shot by Dany Roussin.
2:11 of 3rd period - Stopped by Garret Sparks with a rebound.
2:13 of 3rd period - Slapshot by Emil Johansson.
2:13 of 3rd period - Shot Blocked by Aaron Ekblad.
2:15 of 3rd period - Slapshot by Gianluca Curcuruto.
2:15 of 3rd period - Stopped by Garret Sparks with a rebound.
2:29 of 3rd period - Snap shot by Jamie McGinn.
2:29 of 3rd period - Deflect By Angelo Esposito.
2:29 of 3rd period - Shot Blocked by Aaron Ekblad.
2:29 of 3rd period - Puck is out of play.
2:30 of 3rd period - Angelo Esposito wins face-off versus Quinton Howden in Remparts zone.
2:31 of 3rd period - Wrist shot by Jamie McGinn.
2:31 of 3rd period - Shot Blocked by Jerry D'Amigo.
2:33 of 3rd period - Snap shot by Artturi Lehkonen.
2:33 of 3rd period - Deflect By Quinton Howden.
2:33 of 3rd period - Stopped by Garret Sparks without a rebound.
2:34 of 3rd period - William Karlsson wins face-off versus Quinton Howden in Remparts zone.
2:41 of 3rd period - Wrist shot by William Karlsson.
2:41 of 3rd period - Stopped by Garret Sparks without a rebound.
2:42 of 3rd period - Michael Latta wins face-off versus William Karlsson in Remparts zone.
3:16 of 3rd period - Wrist shot by Brayden Point.
3:16 of 3rd period - Stopped by Garret Sparks with a rebound.
3:18 of 3rd period - Slapshot by Gianluca Curcuruto.
3:18 of 3rd period - Deflect By Brayden Point.
3:18 of 3rd period - Stopped by Garret Sparks with a rebound.
3:20 of 3rd period - Slapshot by Emil Johansson.
3:20 of 3rd period - Shot Misses the Net.
3:22 of 3rd period - Snap shot by Austin Poganski.
3:22 of 3rd period - Shot Blocked by Kerby Rychel.
4:06 of 3rd period - Slapshot by Griffin Reinhart.
4:06 of 3rd period - Shot Misses the Net.
4:12 of 3rd period - William Colbert is hit by Brayden Point and loses puck.
4:40 of 3rd period - Snap shot by Mitchell Heard.
4:40 of 3rd period - Stopped by Niklas Treutle with a rebound.
4:44 of 3rd period - Slapshot by Jake Virtanen.
4:44 of 3rd period - Shot Misses the Net.
4:48 of 3rd period - Wrist shot by Mitchell Heard.
4:48 of 3rd period - Stopped by Niklas Treutle with a rebound.
4:58 of 3rd period - Colton Sceviour is hit by Roberts Lipsbergs and loses puck.
5:09 of 3rd period - Slapshot by Michael McCarron.
5:09 of 3rd period - Stopped by Niklas Treutle with a rebound.
5:11 of 3rd period - Slapshot by John Draeger.
5:11 of 3rd period - Deflect By Kyle Platzer.
5:11 of 3rd period - Goal by Kyle Platzer - Thunder : 1 - Remparts : 2.
5:12 of 3rd period - Michael Latta wins face-off versus Brayden Point in neutral zone.
5:12 of 3rd period - Michael Latta is hit by Mike Hoffman.
6:15 of 3rd period - Off-side.
6:16 of 3rd period - Mitchell Heard wins face-off versus Brayden Point in neutral zone.
6:23 of 3rd period - Slapshot by Mitchell Heard.
6:23 of 3rd period - Stopped by Niklas Treutle with a rebound.
6:25 of 3rd period - Slapshot by Jake Virtanen.
6:25 of 3rd period - Shot Misses the Net.
6:31 of 3rd period - Snap shot by Matt Puempel.
6:31 of 3rd period - Shot Misses the Net.
7:01 of 3rd period - Off-side.
7:02 of 3rd period - Angelo Esposito wins face-off versus Roberts Lipsbergs in neutral zone.
7:16 of 3rd period - Wrist shot by Angelo Esposito.
7:16 of 3rd period - Shot Blocked by Aaron Ekblad.
7:18 of 3rd period - Wrist shot by Angelo Esposito.
7:18 of 3rd period - Shot Misses the Net.
7:35 of 3rd period - Michal Jordan is hit by Colton Sceviour and loses puck.
7:46 of 3rd period - Quinton Howden is hit by Austin Poganski and loses puck.
7:53 of 3rd period - Backhand shot by Mike Hoffman.
7:53 of 3rd period - Shot Misses the Net.
7:55 of 3rd period - Slapshot by Jesper Pettersson.
7:55 of 3rd period - Stopped by Garret Sparks without a rebound.
7:56 of 3rd period - Tobias Rieder wins face-off versus William Karlsson in Remparts zone.
7:56 of 3rd period - Tobias Rieder is hit by William Karlsson.
8:22 of 3rd period - Mitchell Heard is hit by Austin Poganski.
8:46 of 3rd period - Snap shot by Jamie McGinn.
8:46 of 3rd period - Shot Misses the Net.
8:48 of 3rd period - Slapshot by Mackenze Stewart.
8:48 of 3rd period - Stopped by Garret Sparks with a rebound.
8:52 of 3rd period - Snap shot by Angelo Esposito.
8:52 of 3rd period - Stopped by Garret Sparks without a rebound.
8:53 of 3rd period - William Karlsson wins face-off versus Michael Latta in Remparts zone.
9:43 of 3rd period - Snap shot by Kyle Platzer.
9:43 of 3rd period - Stopped by Niklas Treutle with a rebound.
9:45 of 3rd period - Slapshot by Roberts Lipsbergs.
9:45 of 3rd period - Stopped by Niklas Treutle without a rebound.
9:46 of 3rd period - Kyle Platzer wins face-off versus William Karlsson in Thunder zone.
9:47 of 3rd period - Slapshot by Michal Jordan.
9:47 of 3rd period - Shot Hit the Post.
9:57 of 3rd period - Snap shot by Dany Roussin.
9:57 of 3rd period - Deflect By Colton Sceviour.
9:57 of 3rd period - Shot Misses the Net.
9:57 of 3rd period - Puck is out of play.
9:58 of 3rd period - Michael Latta wins face-off versus William Karlsson in Remparts zone.
10:07 of 3rd period - Wrist shot by Tobias Rieder.
10:07 of 3rd period - Stopped by Niklas Treutle with a rebound.
10:09 of 3rd period - Slapshot by Tobias Rieder.
10:09 of 3rd period - Shot Blocked by Emil Johansson.
10:23 of 3rd period - Mike Hoffman is hit by Jerry D'Amigo and loses puck.
10:48 of 3rd period - William Colbert is hit by Jesper Pettersson.
11:06 of 3rd period - Slapshot by Kyle Platzer.
11:06 of 3rd period - Stopped by Niklas Treutle without a rebound.
11:07 of 3rd period - Brayden Point wins face-off versus Kyle Platzer in Thunder zone.
11:07 of 3rd period - Brayden Point is hit by Michael McCarron.
11:21 of 3rd period - Snap shot by Michael McCarron.
11:21 of 3rd period - Stopped by Niklas Treutle with a rebound.
11:23 of 3rd period - Wrist shot by Roberts Lipsbergs.
11:23 of 3rd period - Shot Blocked by Emil Johansson.
11:25 of 3rd period - Slapshot by Michael McCarron.
11:25 of 3rd period - Deflect By Roberts Lipsbergs.
11:25 of 3rd period - Shot Misses the Net.
11:25 of 3rd period - Puck is out of play.
11:26 of 3rd period - William Karlsson wins face-off versus Michael Latta in Thunder zone.
11:44 of 3rd period - Minor Penalty to William Karlsson for Hooking.
11:45 of 3rd period - Dany Roussin wins face-off versus Michael Latta in Thunder zone.
12:42 of 3rd period - Wrist shot by Jakob Lilja.
12:42 of 3rd period - Stopped by Garret Sparks with a rebound.
12:44 of 3rd period - Wrist shot by Gianluca Curcuruto.
12:44 of 3rd period - Stopped by Garret Sparks with a rebound.
13:44 of 3rd period - Penalty to William Karlsson is over, William Karlsson is back on ice.
13:51 of 3rd period - Icing by Emil Johansson.
13:52 of 3rd period - Kyle Platzer wins face-off versus Colby Cave in Thunder zone.
14:05 of 3rd period - Snap shot by Dany Roussin.
14:05 of 3rd period - Stopped by Garret Sparks without a rebound.
14:06 of 3rd period - Zach Stepan wins face-off versus Michael Latta in Remparts zone.
15:13 of 3rd period - Off-side.
15:14 of 3rd period - Quinton Howden wins face-off versus Brayden Point in neutral zone.
15:19 of 3rd period - Wrist shot by Quinton Howden.
15:19 of 3rd period - Deflect By Kerby Rychel.
15:19 of 3rd period - Shot Misses the Net.
15:19 of 3rd period - Puck is out of play.
15:20 of 3rd period - Brayden Point wins face-off versus Quinton Howden in Thunder zone.
17:49 of 3rd period - William Colbert is hit by Jakob Lilja and loses puck.
18:32 of 3rd period - Mackenze Stewart is hit by Aaron Ekblad and loses puck.
19:01 of 3rd period - Thunder, Niklas Treutle is pulled from the net.
19:01 of 3rd period - Snap shot by William Karlsson.
19:01 of 3rd period - Shot Misses the Net.
19:03 of 3rd period - Slapshot by Mackenze Stewart.
19:03 of 3rd period - Deflect By Tobias Rieder.
19:03 of 3rd period - Stopped by Garret Sparks without a rebound.
19:04 of 3rd period - Lanne MacDonald call a timeout for Thunder.
19:04 of 3rd period - Michael Latta wins face-off versus William Karlsson in Remparts zone.
19:09 of 3rd period - William Karlsson is hit by Michael Latta and loses puck.
19:26 of 3rd period - William Karlsson is hit by Tobias Rieder and loses puck.
19:48 of 3rd period - Snap shot by Michael Latta.
19:48 of 3rd period - Shot Misses the Net.
19:50 of 3rd period - Wrist shot by Michael Latta.
19:50 of 3rd period - Shot Misses the Net.
19:52 of 3rd period - Snap shot by Niklas Hansson.
19:52 of 3rd period - Shot Blocked by William Karlsson.
19:54 of 3rd period - Slapshot by Kerby Rychel.
19:54 of 3rd period - Deflect By William Karlsson.
19:54 of 3rd period - Goal by Kerby Rychel - Thunder : 1 - Remparts : 3.
19:54 of 3rd period - Niklas Treutle from Thunder was sent back in the game.
19:55 of 3rd period - William Karlsson wins face-off versus Mitchell Heard in neutral zone.
19:58 of 3rd period - William Colbert is hit by William Karlsson and loses puck.
Goals for this period are 1 for Thunder vs 2 for Remparts.
Shots for this period are 17 for Thunder vs 11 for Remparts.